 Crawl Stoat Soup version 0.22-s0-3-gae240e9ffb (console) character file.

136 hilarita the Cutter (level 5, 0/33 HPs)
             Began as a Kobold Fighter on Aug 31, 2019.
             Slain by a phantom (7 damage)
             ... on level 4 of the Dungeon.
             The game lasted 00:06:02 (3420 turns).

hilarita the Cutter (Kobold Fighter)                Turns: 3420, Time: 00:06:04

Health: 0/33       AC:  5    Str: 19    XL:     5   Next: 43%
Magic:  5/5        EV:  9    Int:  9    God:
Gold:   223        SH: 10    Dex: 18    Spells: 4/4 levels left

rFire    . . .     SeeInvis .   a - +1 rapier
rCold    . . .     Gourm    .   c - +0 shield
rNeg     . . .     Faith    .   i - +0 ring mail
rPois    .         Spirit   .   p - +0 hat
rElec    .         Reflect  .   (no cloak)
rCorr    .         Harm     .   (no gloves)
MR       .....                  (no boots)
Stlth    +.........             (no amulet)
HPRegen  0.11/turn              o - +3 ring of dexterity
MPRegen  0.09/turn              (no ring)

@: mighty
A: small, carnivore
a: no special abilities


You were on level 4 of the Dungeon.
You were completely stuffed.

You visited 1 branch of the dungeon, and saw 4 of its levels.

You collected 223 gold pieces.

Inventory:

Hand Weapons
 a - a +1 rapier (weapon)
Missiles
 h - 14 bolts
Armour
 c - a +0 shield (worn)
 i - a +0 ring mail (worn)
 p - a +0 hat (worn)
Jewellery
 o - a +3 ring of dexterity (left hand)
Scrolls
 b - a scroll of fog
 n - 2 scrolls of blinking
Potions
 d - a potion of might
 e - a potion of brilliance
 g - a potion of lignification
 j - a potion of magic
 k - a potion of flight
 l - a potion of mutation
 m - a potion of heal wounds {unknown}
 q - a potion of curing {unknown}
Comestibles
 f - 6 meat rations


   Skills:
 + Level 4.1 Fighting
 * Level 4.8 Short Blades
 + Level 3.0 Armour
 + Level 3.0 Shields


You had 4 spell levels left.
You didn't know any spells.
Your spell library was empty.

Dungeon Overview and Level Annotations

Branches:
Dungeon (4/15)
 Temple: D:4-7

Altars:
Nemelex Xobeh


Innate Abilities, Weirdness & Mutations

You are small and have problems with some larger weapons.
You are carnivorous and can eat meat at any time.


Message History

The phantom is moderately damaged.
The phantom hits you but does no damage.
You hit the phantom.
The phantom is heavily damaged.
You block the phantom's attack.
You hit the phantom.
The phantom is severely damaged.
The phantom hits you. x2
You miss the phantom.
The phantom is severely damaged.
The phantom blinks!
You feel very mighty all of a sudden. The phantom hits you.
You puncture the phantom!
The phantom is almost destroyed.
You block the phantom's attack.
You closely miss the phantom.
The phantom is almost destroyed.
The phantom hits you!
You die...

#.. #.. #..### #....##
#.....### ##.#####
#......## #..#...#
#.......## ##......#
##........# ##.......#
#.....(...# #).......#
#.........## #.......#
#.....@W...###.......#
#...........##........##
#...........##..#....###
#...........#..###...##.
#..............# ##..#..
#.............## ##....
#.............# ###....#
##.......##..####.....##
......#...###.....##
..#......#......##
#######........##


You could see a phantom.

Vanquished Creatures
  An orc priest (D:4)
  5 adders
  An ooze (D:1)
  A worm (D:2)
  2 dart slugs (D:1)
  A leopard gecko (D:1)
  3 orcs
  7 bats
  2 giant cockroaches
  8 goblins
  3 hobgoblins (D:2)
  5 jackals
  A weasel (D:3)
  2 frilled lizards
  4 kobolds
  2 rats (D:2)
48 creatures vanquished.

Vanquished Creatures (others)
  A goblin (D:2)
1 creature vanquished.

Grand Total: 49 creatures vanquished

Notes
Turn   | Place    | Note
-------+----------+-------------------------------------------
     0 | D:1      | hilarita the Kobold Fighter began the quest for the Orb.
     0 | D:1      | Reached XP level 1. HP: 14/14 MP: 1/1
   172 | D:1      | Reached XP level 2. HP: 19/19 MP: 2/2
   565 | D:1      | Reached XP level 3. HP: 21/23 MP: 3/3
  1288 | D:2      | Noticed ceb's ghost (amateur FDAE)
  1294 | D:2      | Witnessed revenge of ceb's ghost on a goblin.
  1299 | D:2      | Reached XP level 4. HP: 29/29 MP: 4/4
  2823 | D:3      | Found a sparkling altar of Nemelex Xobeh.
  3024 | D:3      | Found a faded altar of an unknown god.
  3173 | D:4      | Reached XP level 5. HP: 18/33 MP: 5/5
  3398 | D:4      | Noticed a phantom
  3420 | D:4      | Slain by a phantom

Vault maps used:
D:1:      dpeg_arrival_simpleton_a
D:3:      nemelex_altar_shiori, first_bread, chequers_ecumenical_altar_grove
D:4:      minmay_temple_entry_overgrown, uniq_menkaure

Skill      XL: |  1  2  3  4  5 |
---------------+----------------+-----
Short Blades   | 3 4 |  4.8
Fighting       | 4 |  4.1
Armour         | 3 |  3.0
Shields        | 3 |  3.0

Action                   |  1- 3 |  4- 6 || total
-------------------------+-------+-------++-------
Melee: Rapier            |    75 |    86 ||   161
  Use: Scroll            |     6 |     5 ||    11
       Potion            |       |     1 ||     1
  Eat: Chunk             |    10 |     6 ||    16
Armor: Scale mail        |     5 |       ||     5
       Ring mail         |    28 |    18 ||    46
Dodge: Dodged            |    31 |    19 ||    50
Block: Shield            |    44 |    50 ||    94

Table legend:
 A = Spawn XP
 B = Non-spawn XP
 C = Spawn XP percentage of total XP
 D = Spawn monster count
 E = Non-spawn monster count
 F = Spawn count percentage of total count
 G = Total turns spent on level
                    A         B        C        D         E        F      G
               +---------+---------+-------+---------+---------+-------+---------
         Total |      18 |     177 |   9.2 |       9 |      39 |  18.8 |  3420
               +---------+---------+-------+---------+---------+-------+---------
           D:1 |       6 |      38 |  13.6 |       3 |      16 |  15.8 |  1282
           D:2 |       9 |      56 |  13.8 |       4 |      13 |  23.5 |  1074
           D:3 |       3 |       8 |  27.3 |       2 |       5 |  28.6 |   749
           D:4 |       0 |      75 |   0.0 |       0 |       5 |   0.0 |   315
               +---------+---------+-------+---------+---------+-------+---------
